 Dungeon Crawl Stone Soup version 0.28-a0-861-ge64d6db94f (webtiles) character file.

Game seed: 15621130310385228450

900 avis the Insei (level 8, -2/48 HPs)
             Began as an Octopode Transmuter on Nov 15, 2021.
             Was an Initiate of Gozag.
             Slain by a scorpion (4 damage)
             ... on level 4 of the Dungeon.
             The game lasted 00:27:18 (6803 turns).

avis the Insei (Octopode Transmuter)                Turns: 6803, Time: 00:27:19

Health: -2/48      AC:  2    Str: 10 (12) XL:     8   Next: 7%
Magic:  8/12       EV: 20    Int: 12 (15) God:    Gozag
Gold:   335        SH:  0    Dex: 16 (17) Spells: 5/13 levels left

rFire   . . .      SeeInvis .     - Unarmed
rCold   . . .      Faith    .   (shield currently unavailable)
rNeg    . . .      Spirit   .   (helmet currently unavailable)
rPois   x          Reflect  .   (no amulet)
rElec   .          Harm     .   (no ring)
rCorr   .          Rampage  .   (no ring)
Will    .....      Clarity  +   (no ring)
Stlth   ++........              (no ring)
HPRegen 0.16/turn               (no ring)
MPRegen 0.13/turn               (no ring)
                                (no ring)
                                (no ring)

@: brilliant, lethally poisoned (-2 -> -11), spider-form, very slightly
contaminated, unable to read
A: venomous fangs, almost no armour, (amphibious), 8 rings, tiny, (camouflage
1), (gelatinous body 1), (nimble swimmer 1), (tentacles), clarity, frail 1,
inability to read while threatened, MP-powered wands
a: End Transformation, Renounce Religion, Potion Petition, Call Merchant, Bribe
Branch


You were on level 4 of the Dungeon.
You worshipped Gozag.
Gozag was aware of your devotion.
You were a venomous arachnid creature.
You visited 2 branches of the dungeon, and saw 6 of its levels.

You collected 380 gold pieces.
You paid 45 gold pieces to Gozag.

Inventory:

Hand Weapons
 j - a +1 dagger of venom
 r - a +0 hunting sling
 u - a +2 dagger of venom
Missiles
 b - 76 stones
 h - 25 arrows
 k - 65 bolts
 w - 23 sling bullets
 x - a boomerang
Armour
 s - a +0 kite shield
Wands
 d - a wand of acid (5)
 t - a wand of flame (14)
Scrolls
 c - 4 scrolls of identify {unknown}
 f - a scroll of vulnerability {unknown}
 g - a scroll of noise {unknown}
 i - a scroll of blinking {unknown}
 l - a scroll of enchant armour {unknown}
 n - 3 scrolls of teleportation {unknown}
 o - a scroll of acquirement {unknown}
 q - 4 scrolls of fog {unknown}
 v - a scroll of fear {unknown}
Potions
 p - a potion of flight


   Skills:
 * Level 4.0 Fighting
 - Level 3.0 Dodging
 - Level 2.0 Stealth
 - Level 7.0 Unarmed Combat
 - Level 3.0 Spellcasting
 - Level 3.0 Transmutations
 - Level 2.0 Poison Magic


You had 5 spell levels left.
You knew the following spells:

 Your Spells              Type           Power      Damage    Failure   Level
a - Beastly Appendage     Tmut           26%        N/A       19%         1
p - Spider Form           Tmut/Pois      11%        N/A       47%         3
q - Ice Form              Ice/Tmut       8%         N/A       91%         4

Your spell library contained the following spells:

 Spells                   Type           Power      Damage    Failure   Level
 Wereblood                Tmut           13%        N/A       26%         2
 Summon Guardian Golem    Hex/Summ       2%         N/A       78%         3
 Orb of Destruction       Conj           1%         N/A       100%        7
 Spellforged Servitor     Conj/Summ      1%         N/A       100%        7


Dungeon Overview and Level Annotations

Branches:
Dungeon (5/15)             Temple (1/1) D:4

Altars:
Cheibriados
Dithmenos
Elyvilon
Fedhas
Gozag
Hepliaklqana
Kikubaaqudgha
Makhleb
Nemelex Xobeh
Okawaru
Qazlal
Ru
Sif Muna
Trog
Uskayaw
Vehumet
Wu Jian
Xom
Yredelemnul
Zin
The Shining One

Annotations:
D:4 3 runed translucent doors, bande's ghost, amateur GrFi


Innate Abilities, Weirdness & Mutations

You are a venomous arachnid creature.
You have poisonous fangs.
You are tiny and dextrous.
Your spellcasting is less reliable in this form.
Your armour is entirely melded.
You are incapable of wielding weapons or throwing items.
You cannot wear most types of armour.
((You are amphibious.))
You can wear up to eight rings at the same time.
((Your skin changes colour to match your surroundings (Stealth+).))
((Your rubbery body absorbs attacks. (AC +1, EV +1)))
((You are camouflaged near water. (Stealth+)))
((You have tentacles for arms and can constrict up to eight enemies at once.))
You possess an exceptional clarity of mind.
You are frail. (-10% HP)
You sometimes lose the ability to read scrolls when taking damage.
You expend magic power (3 MP) to strengthen your wands.


Message History

It was a potion of degeneration.
There was something very wrong with that liquid.
You feel weakened.
You feel dopey.
You feel clumsy.
The ice beast is no longer distracted by gold.
The orc wizard hits you but does no damage.
The scorpion closely misses you.
You feel less confused.
You can read scrolls again.
The orc priest is no longer distracted by gold.
The scorpion closely misses you. The scorpion closely misses you.
There is a stone staircase leading up here.
Casting: Spider Form (dangerous; 26% risk of failure)
Confirm with . or Enter, or press ? or * to list all spells.
You feel a surge of power!
You miscast Spider Form.
You are very lightly contaminated with residual magic.
Nothing appears to happen.
The scorpion misses you. The scorpion closely misses you.
You climb upwards.
Level annotation: 3 runed translucent doors, bande's ghost, amateur GrFi
There is a stone staircase leading down here.
Casting: Spider Form (dangerous; 26% risk of failure)
Confirm with . or Enter, or press ? or * to list all spells.
You feel a surge of power!
You turn into a venomous arachnid creature.
The scorpion stings you!
You feel threatened and lose the ability to read scrolls!
* * * LOW HITPOINT WARNING * * *
You are lethally poisoned!
The scorpion poisons you!
You hit the scorpion.
The scorpion is poisoned.
The scorpion is moderately wounded.
* * * LOW HITPOINT WARNING * * *
You feel very sick. The scorpion misses you.
* * * LOW HITPOINT WARNING * * *
You feel very sick. The scorpion stings you.
You die...
Your body crumbles into a pile of gold.

#.............# #.##.#.
###.............# #.##[..
#...............# #.....#
####.#.............# #####..
##..................# #..
#.....#..##'###############..
#.......#...#................
#[....#.......####....#####..
#....##.#...ss...#....#####.#
#.......#.#.#>...'....'..))[.
#.........#.####.#....#####.#
#####.###.#.# #.#....#####.#
#.# ###.# #.#....#<....#
#.###...# #.############
####.....######.#
#...............#
#..............##


You could see a scorpion (very poisoned).

Vanquished Creatures
  Sigmund (D:5)
  A water moccasin (D:4)
  2 ogres
  A scorpion (D:5)
  A jelly (D:3)
  3 orc priests (D:4)
  Jessica (D:3)
  Ijyb (D:5)
  Terence (D:3)
  An iguana (D:4)
  3 orc wizards
  Robin (D:3)
  2 adders (D:4)
  A worm (D:3)
  2 dart slugs
  9 orcs
  6 bats
  3 endoplasms
  2 giant cockroaches
  12 goblins
  5 hobgoblins
  6 jackals (D:4)
  3 kobolds (D:1)
  10 ball pythons
  3 frilled lizards
  5 rats (D:2)
86 creatures vanquished.

Notes
Turn   | Place    | Note
-------+----------+-------------------------------------------
     0 | D:1      | avis the Octopode Transmuter began the quest for the Orb.
     0 | D:1      | Reached XP level 1. HP: 13/13 MP: 3/3
   131 | D:1      | Found a faded altar of an unknown god.
   256 | D:1      | Reached XP level 2. HP: 17/19 MP: 3/5
   892 | D:1      | Reached XP level 3. HP: 21/25 MP: 3/6
   944 | D:1      | Learned a level 3 spell: Spider Form
  1305 | D:2      | Found an ornate altar of the Wu Jian Council.
  1817 | D:2      | Reached skill level 1 in Stealth
  1993 | D:1      | Reached skill level 1 in Poison Magic
  2518 | D:3      | Noticed Terence
  2913 | D:3      | Killed Terence
  2914 | D:3      | Reached XP level 4. HP: 21/31 MP: 3/7
  3385 | D:3      | Noticed Robin
  3503 | D:3      | Killed Robin
  3504 | D:3      | Reached skill level 4 in Unarmed Combat
  3504 | D:3      | Reached XP level 5. HP: 27/36 MP: 5/8
  3831 | D:3      | Noticed Jessica
  3835 | D:3      | Killed Jessica
  3954 | D:3      | Upgraded the game from 0.28-a0-851-g8b9cc49659 to
                  | 0.28-a0-861-ge64d6db94f
  4237 | D:4      | Found a staircase to the Ecumenical Temple.
  4242 | Temple   | Entered the Ecumenical Temple
  4678 | Temple   | Became a worshipper of Gozag Ym Sagoz the Greedy
  4765 | D:4      | Noticed a water moccasin
  4784 | D:4      | Killed a water moccasin
  4785 | D:4      | Reached skill level 5 in Unarmed Combat
  4785 | D:4      | Reached XP level 6. HP: 25/42 MP: 2/9
  4909 | D:4      | Learned a level 4 spell: Ice Form
  5640 | D:4      | Found a runed translucent gate.
  5641 | D:4      | Found a runed translucent gate.
  5646 | D:4      | Noticed bande's ghost (amateur GrFi)
  5697 | D:4      | Reached XP level 7. HP: 44/46 MP: 2/11
  5848 | D:4      | Found a runed translucent gate.
  6172 | D:5      | Entered Level 5 of the Dungeon
  6172 | D:5      | Noticed Sigmund
  6183 | D:5      | Killed Sigmund
  6414 | D:5      | Noticed Ijyb
  6423 | D:5      | Killed Ijyb
  6424 | D:5      | Reached skill level 6 in Unarmed Combat
  6775 | D:5      | Reached XP level 8. HP: 52/54 MP: 8/12
  6786 | D:5      | Gained mutation: You are frail. (-10% HP) [potion of
                  | mutation]
  6786 | D:5      | Gained mutation: You expend magic power (3 MP) to
                  | strengthen your wands. [potion of mutation]
  6786 | D:5      | Gained mutation: You sometimes lose the ability to read
                  | scrolls when taking damage. [potion of mutation]
  6786 | D:5      | Gained mutation: You possess an exceptional clarity of
                  | mind. [potion of mutation]
  6787 | D:5      | Reached skill level 7 in Unarmed Combat
  6803 | D:4      | HP: 2/48 [poisoned by a scorpion]
  6803 | D:4      | Slain by a scorpion

Illustrated notes

Levels and vault maps discovered:
D:1:      minmay_arrival_shoal_huts, layout_basic, ebering_ecumenical_altar_box,
          minivault_27, minivault_25, skrybe_limestone_x
D:2:      layout_rooms, basic_altar
D:3:      layout_loops_ring, uniq_jessica, uniq_terence, uniq_robin
D:4:      layout_basic, minmay_temple_entry_wispy, gammafunk_ghost_split
D:5:      layout_loops_ring, kennysheep_generic_room_6, uniq_sigmund, uniq_ijyb
Temple:   mainiacjoe_temple_trianglar_array

Skill      XL: |  1  2  3  4  5  6  7  8 |
---------------+-------------------------+-----
Fighting       | 2 3 4 |  4.0
Stealth        | 2 |  2.0
Poison Magic   | 2 |  2.0
Unarmed Combat | 4 5 6 7 |  7.0
Dodging        | 3 |  3.0
Transmutations | 3 |  3.0
Spellcasting   | 3 |  3.0

Action                   |  1- 3 |  4- 6 |  7- 9 || total
-------------------------+-------+-------+-------++-------
Melee: Unarmed           |    74 |    86 |    61 ||   221
       Constrict         |    17 |     7 |       ||    24
       Kick              |    15 |     5 |       ||    20
       Tentacles         |     6 |     5 |       ||    11
       Punch             |     1 |       |       ||     1
 Cast: Beastly Appendage |    33 |    13 |       ||    46
       Spider Form       |     1 |    14 |    11 ||    26
  Use: Potion            |       |     1 |     7 ||     8
 Stab: Sleeping          |     4 |     4 |     3 ||    11
Armor: Skin              |     9 |     4 |     5 ||    18
Dodge: Dodged            |    58 |    65 |    50 ||   173

Table legend: (Time is in decaauts)
 A = Elapsed time spent in this place.
 B = Non-inter-level travel time spent in this place.
 C = Inter-level travel time spent in this place.
 D = Time resting spent in this place.
 E = Time spent auto-exploring this place.
 F = Levels seen in this place.
 G = Mean time per level.
                   A        B        C        D        E       F      G
               +--------+--------+--------+--------+--------+-----+--------+
         Total |   6807 |   6185 |    622 |   2410 |   2564 |   6 | 1134.5 |
       Dungeon |   6334 |   5782 |    552 |   2410 |   2164 |   5 | 1266.8 |
        Temple |    473 |    403 |     70 |      0 |    400 |   1 |  473.0 |
               +--------+--------+--------+--------+--------+-----+--------+

Top non-repeatable levels by time:
     D:4: 1861 daAuts
     D:1: 1595 daAuts
     D:2: 1386 daAuts
     D:3: 1194 daAuts
  Temple: 473 daAuts
     D:5: 296 daAuts
